 Dungeon Crawl Stone Soup version 0.29-a0-422-gafbd6decc1 (webtiles) character file.

Game seed: 12904353540940666157

2265 happo123 the Grappler (level 9, -21/84 HPs)
             Began as a Troll Berserker on May 18, 2022.
             Was an Elder of Trog.
             Demolished by a boulder beetle (24 damage)
             ... on level 7 of the Dungeon.
             The game lasted 00:12:44 (3608 turns).

happo123 the Grappler (Troll Berserker)             Turns: 3608, Time: 00:12:44

Health: -21/84     AC:  4    Str: 31    XL:     9   Next: 16%
Magic:  8/8        EV: 11    Int:  3    God:    Trog [****..]
Gold:   264        SH: 14    Dex: 15    Spells: 8/8 levels left

rFire   . . .      SeeInvis .     - Unarmed
rCold   . . .      Faith    .   z - +0 kite shield
rNeg    . . .      Spirit   .   a - +0 animal skin
rPois   .          Reflect  +   (helmet restricted)
rElec   .          Harm     .   (no cloak)
rCorr   +          Rampage  .   (gloves unavailable)
Will    .....                   (boots unavailable)
Stlth   ++........              e - amulet of reflection
HPRegen 1.04/turn               u - +6 ring of dexterity
MPRegen 0.11/turn               y - ring of resist corrosion

@: on berserk cooldown, slowed, very slow
A: large, unfitting armour, claws 3, regeneration 1, shaggy fur 1, tough skin 1
a: Renounce Religion, Berserk, Trog's Hand, Brothers in Arms


You were on level 7 of the Dungeon.
You worshipped Trog.
Trog was greatly pleased with you.
You visited 1 branch of the dungeon, and saw 7 of its levels.

You collected 264 gold pieces.

Inventory:

Armour
 a - a +0 animal skin (worn)
 q - an orb of wrath
 z - a +0 kite shield (worn)
Jewellery
 e - an amulet of reflection (around neck)
 u - a +6 ring of dexterity (left claw)
 y - a ring of resist corrosion (right claw)
 B - a +6 ring of dexterity
Wands
 C - a wand of polymorph (11)
Scrolls
 d - 4 scrolls of identify
 g - a scroll of blinking {unknown}
 h - 2 scrolls of enchant armour {unknown}
 i - 3 scrolls of teleportation
 m - 3 scrolls of fog
 n - a scroll of magic mapping {unknown}
 o - 2 scrolls of fear {unknown}
 p - 3 scrolls of summoning
 v - 4 scrolls of noise
 x - a scroll of immolation {unknown}
 A - a scroll of enchant weapon {unknown}
Potions
 b - 2 potions of attraction {unknown}
 c - a potion of haste {unknown}
 f - 2 potions of lignification {unknown}
 j - 11 potions of curing
 k - a potion of might {unknown}
 l - 4 potions of heal wounds
 r - 2 potions of mutation {unknown}
 s - 3 potions of flight
 t - a potion of brilliance {unknown}
 w - 2 potions of resistance {unknown}


   Skills:
 + Level 3.9 Fighting
 + Level 5.7 Dodging
 + Level 1.2 Stealth
 + Level 4.4 Shields
 + Level 8.6 Unarmed Combat


You had 8 spell levels left.
You didn't know any spells.
Your spell library was empty.

Dungeon Overview and Level Annotations

Branches:
Dungeon (7/15)
 Temple: D:4-7

Altars:
Trog


Innate Abilities, Weirdness & Mutations

You are too large for most types of armour.
You have claws for hands.
Your natural rate of healing is unusually fast.
You are covered in fur. (AC +1)
You have tough skin. (AC +1)


Message History

The boulder beetle barely misses you.
The boulder beetle stops rolling and uncurls.
The boulder beetle leaps!
The boulder beetle leaps!
The boulder beetle curls into a ball and begins rolling!
You block the boulder beetle's attack.
The boulder beetle stops rolling and uncurls.
You scratch the boulder beetle but do no damage.
The boulder beetle is lightly wounded.
You block the boulder beetle's attack.
You scratch the boulder beetle.
The boulder beetle is lightly wounded.
You block the boulder beetle's attack. The boulder beetle bites you!
You claw the boulder beetle!
The boulder beetle is moderately wounded.
The boulder beetle bites you!!
You scratch the boulder beetle.
The boulder beetle is moderately wounded.
The boulder beetle bites you but does no damage.
You block the boulder beetle's attack.
You claw the boulder beetle!
The boulder beetle is heavily wounded.
You block the boulder beetle's attack.
You scratch the boulder beetle but do no damage.
The boulder beetle is heavily wounded.
You block the boulder beetle's attack.
You scratch the boulder beetle but do no damage.
The boulder beetle is heavily wounded.
You block the boulder beetle's attack. The boulder beetle bites you!
You claw the boulder beetle!
The boulder beetle is severely wounded.
You block the boulder beetle's attack.
You scratch the boulder beetle.
The boulder beetle is severely wounded.
The boulder beetle bites you! The boulder beetle bites you!!
* * * LOW HITPOINT WARNING * * *
You barely miss the boulder beetle.
The boulder beetle is severely wounded.
The boulder beetle bites you!!
You die...

#....#....+ .....+
#....#######
.....####
##+##.....>#
#........ #......#
+........ #......#
#........
+......#####........
#.........[...#
#.............#
#######...B@..#
#.......# #.....###
#.....# .......#
#####...# #...#
####.


You could see a boulder beetle.

Vanquished Creatures
  The ghost of hquester the Skirmisher, an amateur DsAK of Lugonu (D:4)
  A steam dragon (D:6)
  A water moccasin (D:5)
  Duvessa (D:4)
  An orc warrior (D:5)
  2 black bears
  2 gnoll sergeants (D:5)
  2 bullfrogs (D:6)
  4 scorpions
  4 wights (D:5)
  Dowan (D:4)
  A howler monkey (D:4)
  4 quasits (D:4)
  3 hounds
  2 jellies
  2 orc priests (D:5)
  2 iguanas
  4 orc wizards
  7 gnolls (D:5)
  3 adders
  2 dart slugs
  17 orcs
  5 ball pythons
  7 endoplasms
  5 giant cockroaches
  10 hobgoblins
  6 kobolds
  A quokka (D:3)
  19 bats
  5 frilled lizards
  6 goblins
  5 rats
136 creatures vanquished.

Vanquished Creatures (others)
  5 toadstools (D:1)
5 creatures vanquished.

Grand Total: 141 creatures vanquished

Notes
Turn   | Place    | Note
-------+----------+-------------------------------------------
     0 | D:1      | happo123 the Troll Berserker began the quest for the Orb.
     0 | D:1      | Reached XP level 1. HP: 22/22 MP: 0/0
    52 | D:1      | Reached XP level 2. HP: 29/29 MP: 1/1
   244 | D:1      | Reached XP level 3. HP: 30/36 MP: 2/2
   403 | D:1      | Reached ** piety under Trog
   683 | D:2      | Found a faded altar of an unknown god.
  1018 | D:3      | Reached skill level 4 in Unarmed Combat
  1028 | D:3      | Reached XP level 4. HP: 39/44 MP: 3/3
  1541 | D:4      | Reached XP level 5. HP: 51/52 MP: 4/4
  1552 | D:4      | Found a transporter.
  1612 | D:4      | Reached *** piety under Trog
  1621 | D:4      | Noticed hquester's ghost (amateur DsAK)
  1629 | D:4      | Found a transporter.
  1631 | D:4      | Reached skill level 5 in Unarmed Combat
  1637 | D:4      | Reached skill level 1 in Shields
  1641 | D:4      | You fall into a shaft and drop 1 floor!
  1641 | D:5      | Entered Level 5 of the Dungeon
  1648 | D:5      | Reached XP level 6. HP: 51/61 MP: 5/5
  1835 | D:4      | Noticed Duvessa
  1841 | D:4      | Noticed Dowan
  1847 | D:4      | Killed Duvessa
  1851 | D:4      | Killed Dowan
  1852 | D:4      | Reached skill level 6 in Unarmed Combat
  2137 | D:4      | Killed hquester's ghost
  2138 | D:4      | Reached XP level 7. HP: 67/67 MP: 6/6
  2255 | D:5      | Reached skill level 7 in Unarmed Combat
  2266 | D:5      | Identified the +1 ring mail of the Six Scorching Beds
                  | {Drain rElec Str+2 Dex+7}
  2303 | D:5      | Reached skill level 1 in Stealth
  2307 | D:5      | Reached XP level 8. HP: 72/75 MP: 7/7
  2578 | D:5      | Reached skill level 5 in Dodging
  2750 | D:5      | Found a bloodstained altar of Trog.
  2760 | D:5      | Reached skill level 8 in Unarmed Combat
  2763 | D:5      | Reached **** piety under Trog
  2988 | D:6      | Reached XP level 9. HP: 65/84 MP: 8/8
  3583 | D:7      | Noticed a boulder beetle
  3607 | D:7      | HP: 2/84 [boulder beetle (30)]
  3608 | D:7      | Demolished by a boulder beetle

Illustrated notes

Levels and vault maps discovered:
D:1:      ldierk_walled_garden, layout_basic, minmay_misc_feat_more_columns
D:2:      layout_basic, chequers_ecumenical_altar_simple, glass_columns_a
D:3:      layout_rooms, minmay_misc_feat_plants
D:4:      layout_basic, gammafunk_ghost_stat_death, glass_columns_a,
          uniq_duvessa
D:5:      layout_cave_pools, lightli_temple_of_fire, roderic_batcave
D:6:      layout_basic
D:7:      minmay_the_grid_octo_tiled_squarecenter [minmay_the_grid_octo_shrine,
          minmay_the_grid_octo_clover_2, minmay_the_grid_octo_chip,
          minmay_the_grid_octo_pinwheel,
          minmay_the_grid_square_5x5_megaprize_checkered,
          minmay_the_grid_square_5x5_eight,
          minmay_the_grid_square_5x5_doubleslash,
          minmay_the_grid_square_5x5_minibox,
          minmay_the_grid_square_5x5_trominoes], layout_gridville,
          minmay_temple_entry_poolview

Skill      XL: |  1  2  3  4  5  6  7  8 |
---------------+-------------------------+-----
Dodging        | 3 4 5 |  5.7
Unarmed Combat | 4 5 6 7 8 |  8.6
Shields        | 1 2 4 |  4.4
Fighting       | 3 |  3.9
Stealth        | 1 |  1.2

Action                   |  1- 3 |  4- 6 |  7- 9 || total
-------------------------+-------+-------+-------++-------
Melee: Unarmed           |   119 |    67 |   191 ||   377
       Punch             |     1 |     3 |     2 ||     6
Invok: Berserk           |       |     2 |     3 ||     5
  Use: Scroll            |       |       |     7 ||     7
 Stab: Sleeping          |       |       |     2 ||     2
Armor: Animal skin       |    65 |    21 |    78 ||   164
Dodge: Dodged            |   104 |    33 |   119 ||   256
Block: Other             |    12 |    23 |    27 ||    62
       Kite shield       |       |       |   106 ||   106
       Reflection        |       |       |     1 ||     1

Table legend: (Time is in decaauts)
 A = Elapsed time spent in this place.
 B = Non-inter-level travel time spent in this place.
 C = Inter-level travel time spent in this place.
 D = Time resting spent in this place.
 E = Time spent auto-exploring this place.
 F = Levels seen in this place.
 G = Mean time per level.
                   A        B        C        D        E       F      G
               +--------+--------+--------+--------+--------+-----+--------+
         Total |   3618 |   3091 |    527 |      0 |   2228 |   7 |  516.9 |
       Dungeon |   3618 |   3091 |    527 |      0 |   2228 |   7 |  516.9 |
               +--------+--------+--------+--------+--------+-----+--------+

Top non-repeatable levels by time:
     D:4: 747 daAuts
     D:5: 711 daAuts
     D:6: 631 daAuts
     D:2: 527 daAuts
     D:1: 472 daAuts
     D:3: 441 daAuts
     D:7: 86 daAuts
